Map: King's Cove LE

Players

Gerald - Winner!

  • Race: Protoss Protoss
  • Spawn Location: 11:00

Nerchio

  • Race: Zerg Zerg
  • Spawn Location: 5:00

Event: 2019 WCS Summer

VOD

Have the link to the VOD?

Description

Time

  • Played on: July 13, 2019, 6:23 a.m.
  • Length: 11:47

All games in this series

Show
View Real Time Build Order
Export as new Build Order

Gerald Protoss - Winner!

Build Orders: 1 Gate Expand, Oracle Opening, Chargelot Immortal 

Get SALT Encoding   

  12  0:01  Probe  
  13  0:13  Probe  
  14  0:19  Pylon  
  14  0:25  Probe  
  15  0:29  Assimilator  
  15  0:37  Probe  
  16  0:43  Gateway  
  16  0:47  Probe  
  17  0:55  Probe  
  17  1:03  Probe  
  19  1:15  Probe  
  20  1:25  Nexus  
  21  1:37  Cybernetics Core  
  20  1:40  Probe  
  20  1:43  Assimilator  
  21  1:53  Probe  
  22  1:54  Pylon  
  22  2:03  Adept  
  22  2:05  Probe  
  25  2:17  Probe  
  25  2:18  Stargate  
  26  2:27  Stalker  
  26  2:29  Probe, Warp Gate  
  27  2:39  Probe  
  30  2:48  Probe  
  31  2:51  Probe  
  31  2:57  Adept  
  34  3:00  Probe, Oracle  
  34  3:04  Probe  
  36  3:12  Probe  
  40  3:17  Probe  
  41  3:21  Pylon  
  41  3:24  Probe  
  42  3:29  Probe  
  42  3:30  Gateway  
  42  3:32  Oracle  
  43  3:36  Probe  
  47  3:42  Probe  
  47  3:45  Assimilator  
  47  3:47  Assimilator  
  48  3:48  Probe  
  48  3:54  Probe  
  50  4:01  Probe  
  51  4:05  Pylon  
  51  4:06  Probe  
  52  4:10  Stargate  
  52  4:13  Probe  
  53  4:18  Probe, Phoenix  
  56  4:25  Probe  
  56  4:30  Probe  
  58  4:37  Probe, Gateway  
  58  4:38  Pylon  
  59  4:42  Probe  
  59  4:44  Adept  
  62  4:56  Probe x2  
  62  4:58  Nexus  
  62  4:59  Phoenix x2, Pylon  
  68  5:07  Pylon  
  68  5:22  Phoenix  
  68  5:23  Probe x2, Phoenix  
  74  5:35  Probe, Adept x3  
  81  5:36  Probe  
  81  5:39  Phoenix  
  82  5:47  Probe  
  82  5:48  Probe, Robotics Facility  
  86  5:51  Pylon  
  86  6:06  Phoenix x2  
  86  6:08  Pylon  
  86  6:09  Probe x2  
  92  6:11  Forge  
  92  6:13  Probe  
  93  6:21  Probe x2  
  93  6:23  Pylon  
  93  6:24  Phoenix  
  95  6:27  Assimilator  
  95  6:28  Probe  
  95  6:29  Assimilator  
  98  6:33  Probe, Twilight Council  
  98  6:38  Protoss Air Weapons Level 1  
  99  6:40  Phoenix  
  99  6:42  Probe  
  99  6:44  Immortal  
  99  6:46  Pylon  
  102  6:47  Pylon  
  102  6:53  Probe x2  
  104  6:57  Probe  
  104  6:58  Phoenix  
  111  7:03  Zealot x2  
  111  7:05  Probe  
  116  7:09  Protoss Ground Weapons Level 1  
  116  7:20  Probe  
  115  7:33  Phoenix  
  115  7:34  Probe  
  116  7:39  Probe  
  116  7:40  Zealot x2, Immortal  
  116  7:42  Charge, Probe  
  126  7:50  Probe  
  127  7:51  Probe  
  127  7:56  Gateway x2  
  127  7:57  Gateway  
  128  8:02  Templar Archives  
  128  8:04  Gateway  
  126  8:05  Robotics Facility  
  126  8:10  Immortal  
  126  8:12  Phoenix  
  124  8:14  Probe  
  124  8:18  Probe  
  130  8:26  Zealot  
  130  8:27  Zealot x2  
  134  8:28  Nexus  
  134  8:29  Gateway, Pylon  
  134  8:30  Pylon  
  136  8:34  Psionic Storm  
  136  8:45  Pylon  
  136  8:47  High Templar x3  
  142  8:51  High Templar  
  142  8:52  Zealot, Pylon  
  142  8:53  Immortal  
  142  8:54  Photon Cannon  
  142  8:55  Shield Battery  
  146  8:56  Probe  
  146  8:59  Observer, Assimilator  
  152  9:03  Assimilator  
  152  9:11  Warp Prism  
  152  9:12  Zealot x3  
  152  9:13  Photon Cannon  
  152  9:15  Shield Battery, Protoss Ground Weapons Level 2  
  160  9:27  Immortal  
  160  9:28  High Templar  
  160  9:29  Photon Cannon  
  166  9:43  High Templar  
  166  9:44  High Templar  
  170  9:46  Nexus  
  170  9:47  Pylon  
  170  9:49  Archon  
  170  9:57  Gateway  
  170  9:59  Gateway  
  170  10:03  Zealot x6  
  174  10:30  Warp Prism  
  160  10:37  Zealot x8  
  154  10:57  Zealot x10  
  156  11:07  Immortal x2  
  161  11:27  Zealot x6  
  161  11:28  Zealot x4  
  131  11:41  Archon  
Show
View Real Time Build Order
Export as new Build Order

Nerchio Zerg 

Build Orders: Hatch First, Roach Hydra 

Get SALT Encoding   

  12  0:00  Drone  
  13  0:12  Overlord  
  13  0:18  Drone  
  14  0:31  Drone x2  
  16  0:49  Hatchery  
  15  0:52  Drone  
  15  0:56  Drone  
  17  0:59  Drone  
  18  1:09  Extractor  
  17  1:14  Spawning Pool  
  16  1:18  Drone  
  16  1:21  Drone  
  18  1:28  Drone  
  19  1:39  Drone  
  20  1:49  Overlord  
  20  2:01  Queen x2  
  20  2:02  Zergling x4  
  26  2:09  Metabolic Boost  
  26  2:13  Drone  
  27  2:17  Drone  
  27  2:22  Drone x2  
  30  2:45  Hatchery  
  30  2:46  Drone x2  
  30  2:49  Overlord  
  30  2:56  Queen  
  32  2:58  Drone  
  32  3:01  Drone  
  32  3:04  Drone  
  35  3:09  Drone x2  
  35  3:12  Drone  
  38  3:15  Drone x2  
  40  3:20  Overlord  
  40  3:23  Overlord  
  40  3:28  Drone x2  
  42  3:37  Queen  
  42  3:41  Spore Crawler  
  43  3:42  Spore Crawler  
  43  3:43  Drone x2  
  43  3:47  Drone  
  43  3:48  Drone  
  46  3:50  Drone  
  46  3:51  Drone  
  48  3:56  Zergling x2  
  48  3:59  Zergling x4  
  48  4:01  Spore Crawler  
  50  4:06  Zergling x2  
  50  4:08  Zergling x4  
  50  4:09  Drone  
  55  4:10  Drone  
  55  4:14  Overlord  
  55  4:19  Drone x2  
  55  4:23  Overlord x2  
  55  4:31  Drone  
  55  4:32  Drone x2  
  55  4:34  Drone  
  55  4:36  Drone  
  59  4:40  Queen  
  59  4:42  Drone x5  
  66  4:49  Roach Warren  
  66  4:52  Extractor x2  
  63  4:53  Drone x2  
  63  4:54  Drone  
  63  4:55  Drone  
  63  4:57  Drone  
  63  4:58  Drone  
  63  4:59  Extractor  
  68  5:01  Overlord  
  68  5:04  Drone  
  68  5:05  Overlord  
  69  5:08  Overlord  
  71  5:17  Lair  
  69  5:22  Drone x5  
  72  5:43  Drone x2  
  72  5:49  Drone x6, Extractor  
  79  5:51  Evolution Chamber  
  79  5:56  Hatchery  
  77  5:58  Roach x2  
  77  6:00  Roach x6  
  93  6:08  Overlord x5  
  93  6:10  Extractor  
  92  6:14  Roach x2  
  92  6:15  Glial Reconstitution  
  96  6:25  Queen, Spire  
  97  6:27  Drone  
  97  6:28  Drone x2  
  97  6:31  Drone x2  
  102  6:36  Hydralisk Den, Zerg Missile Weapons Level 1  
  100  6:46  Spore Crawler  
  99  6:56  Spore Crawler  
  99  6:57  Spore Crawler x2  
  95  7:01  Drone x7  
  95  7:05  Spore Crawler  
  95  7:06  Spore Crawler  
  95  7:07  Drone x6  
  106  7:09  Spore Crawler  
  106  7:11  Spore Crawler  
  106  7:13  Drone  
  106  7:14  Drone x2  
  102  7:17  Drone x2  
  99  7:39  Drone  
  99  7:40  Drone x6  
  99  7:43  Overlord  
  99  7:44  Overlord x4  
  104  7:47  Baneling Nest, Grooved Spines  
  104  7:50  Drone  
  104  7:51  Drone x3  
  104  7:59  Overlord  
  104  8:01  Drone x6  
  104  8:02  Drone  
  104  8:05  Drone x3  
  107  8:22  Hydralisk x3  
  107  8:26  Hatchery  
  112  8:30  Hydralisk  
  112  8:31  Hydralisk x3  
  120  8:36  Centrifical Hooks  
  120  8:40  Hydralisk x3  
  124  8:45  Hydralisk  
  124  8:46  Hydralisk x2  
  124  8:48  Zerg Missile Weapons Level 2  
  130  8:52  Hydralisk x2  
  130  8:55  Overlord  
  134  8:56  Overlord  
  134  8:58  Muscular Augments  
  134  9:05  Hydralisk x4  
  142  9:11  Hydralisk  
  142  9:12  Overlord  
  142  9:13  Overlord x2  
  144  9:24  Hydralisk x6  
  144  9:27  Overseer  
  144  9:28  Zergling x4  
  144  9:29  Zergling x2  
  160  9:38  Zergling x18  
  160  9:39  Zergling x2  
  160  9:44  Zergling x2  
  160  9:45  Zergling x10  
  175  9:48  Zergling x2  
  175  9:49  Zergling x6  
  179  9:52  Zergling x2  
  179  9:53  Zergling x6  
  179  9:58  Baneling x11  
  182  10:00  Zergling x2  
  182  10:01  Zergling x2  
  182  10:05  Overseer  
  182  10:06  Baneling  
  184  10:07  Baneling x10  
  184  10:08  Baneling  
  184  10:10  Baneling x6  
  184  10:11  Baneling x2  
  184  10:12  Baneling x2  
  184  10:20  Baneling x16  
  171  10:34  Hydralisk x7  
  174  10:39  Zergling x2  
  174  10:40  Zergling x8  
  172  10:47  Hydralisk  
  172  10:48  Hydralisk x3  
  163  10:52  Zergling x10  
  150  11:00  Hydralisk x4  
  150  11:03  Hydralisk  
  151  11:07  Baneling x3  
  151  11:08  Baneling x8  
  151  11:11  Baneling x5  
  151  11:16  Zergling x8  
Tags
 
Add a new tag
Caveats
  • Supply blocks, unpowered buildings, or Contaminate may cause inaccurate times.
  • Supply counts are checked every 10 seconds.